 Dungeon Crawl Stone Soup version 0.23.0-3-gf3c87f2 (webtiles) character file.

Game seed: 8632821973088264170

181949 xccam the Tortoise (level 19, -21/161 HPs)
             Began as a Formicid Gladiator on Feb 21, 2019.
             Was the Champion of Cheibriados.
             Blown up by an orb spider (47 damage)
             ... with an orb of destruction
             ... on level 3 of the Spider Nest.
             The game lasted 01:40:54 (29466 turns).

xccam the Tortoise (Formicid Gladiator)            Turns: 29466, Time: 01:40:55

Health: -21/161    AC: 24    Str: 41    XL:     19   Next: 1%
Magic:  30/30      EV: 12    Int: 23    God:    Cheibriados [******]
Gold:   2175       SH: 12    Dex: 30    Spells: 18/18 levels left

rFire    + + .     SeeInvis +   j - +8 broad axe of Purpose {freeze, *Rage rF+ rC+ MR+}
rCold    + . .     Gourm    .   V - +2 buckler {rN+}
rNeg     + . .     Faith    .   D - +1 plate armour "Qoduyrgh" {rF+ Dex+2}
rPois    +         Spirit   .   (helmet unavailable)
rElec    .         Reflect  +   Q - scarf {repulsion}
rCorr    +         Harm     .   u - +0 pair of gloves
MR       ++...                  O - +1 pair of boots
Stlth    ..........             p - +3 amulet of reflection
HPRegen  0.36/turn              P - ring of poison resistance
MPRegen  0.22/turn              J - ring of resist corrosion

@: repel missiles, very slow
A: permanent stasis, dig shafts and tunnels, four strong arms, antennae 3
a: Dig, Shaft Self, Bend Time, Temporal Distortion, Slouch, Step From Time,
Renounce Religion


You were on level 3 of the Spider Nest.
You worshipped Cheibriados.
Cheibriados was exalted by your worship.
You were not hungry.

You visited 6 branches of the dungeon, and saw 28 of its levels.
You also visited: Ossuary.

You collected 2609 gold pieces.
You spent 434 gold pieces at shops.

Inventory:

Hand Weapons
 g - a +0 battleaxe of freezing
 j - the +8 broad axe of Purpose (weapon) {freeze, *Rage rF+ rC+ MR+}
   (You found it on level 11 of the Dungeon)

   It has been specially enchanted to freeze those struck by it, causing extra
   injury to most foes and up to half again as much damage against particularly
   susceptible opponents.
   It can also slow down cold-blooded creatures.
   It protects you from fire.
   It protects you from cold.
   It affects your resistance to hostile enchantments.
   It may make you go berserk in combat.
 v - a +4 war axe of freezing
Armour
 s - a +0 cloak
 u - a +0 pair of gloves (worn)
 y - a +0 pair of boots of stealth
 D - the +1 plate armour "Qoduyrgh" (worn) {rF+ Dex+2}
   (You acquired it on level 9 of the Dungeon)

   It affects your dexterity (+2).
   It protects you from fire.
 O - a +1 pair of boots (worn)
 Q - a scarf of repulsion (worn)
 V - a +2 buckler of positive energy (worn)
Jewellery
 a - a +3 ring of protection
 h - an uncursed ring of fire
 i - an uncursed ring of stealth
 p - a +3 amulet of reflection (around neck)
 q - a +2 ring of dexterity
 x - a +4 ring of strength
 G - an uncursed amulet of faith
 J - a ring of resist corrosion (right hand)
 K - the ring "Era Neskeu" {*Tele Int+3 Dex+3}
   (You found it on level 5 of the Lair of Beasts)

   [ring of teleportation]

   It may teleport you next to monsters.
   It affects your intelligence (+3).
   It affects your dexterity (+3).
 P - a ring of poison resistance (left hand)
 S - an uncursed ring of fire
Wands
 m - a wand of acid (3)
 B - a wand of flame (30)
 C - a wand of digging (25)
 F - a wand of paralysis (3)
 I - a wand of enslavement (5)
 T - a wand of iceblast (12)
Scrolls
 e - 11 scrolls of remove curse
 k - a scroll of silence
 r - 3 scrolls of fog
 t - 3 scrolls of immolation
 w - 6 scrolls of enchant weapon
 z - 5 scrolls of holy word
 A - 4 scrolls of enchant armour
 L - 4 scrolls of amnesia
 M - 2 scrolls of torment
 N - 3 scrolls of vulnerability
 U - 13 scrolls of identify
Potions
 b - 4 potions of cancellation
 c - 5 potions of flight
 f - 12 potions of curing
 l - 3 potions of lignification
 n - 4 potions of brilliance
 o - 2 potions of heal wounds
 E - 3 potions of ambrosia
 H - a potion of resistance
 R - 5 potions of magic
 W - 2 potions of agility
 X - 2 potions of mutation {unknown}
 Y - a potion of might
Comestibles
 d - 55 rations


   Skills:
 + Level 17.3 Fighting
 - Level 18.0 Axes
 - Level 2.0 Throwing
 + Level 19.4 Armour
 - Level 2.6 Dodging
 - Level 2.4 Shields
 + Level 14.8 Invocations


You had 18 spell levels left.
You didn't know any spells.
Your spell library contained the following spells:

 Spells                   Type           Power        Failure   Level  Hunger
 Beastly Appendage        Tmut           #.....       41%         1    ##.....
 Freeze                   Ice            #...         41%         1    ##.....
 Sticks to Snakes         Tmut           #.......     56%         2    ###....
 Throw Frost              Conj/Ice       #.....       56%         2    ###....
 Ignite Poison            Fire/Tmut/Pois #.......     80%         3    ####...
 Ozocubu's Armour         Chrm/Ice       #.......     80%         3    ####...
 Spider Form              Tmut/Pois      #.........   80%         3    ####...
 Cause Fear               Hex            #.........   99%         4    #####..
 Ice Form                 Ice/Tmut       #.......     99%         4    #####..
 Summon Ice Beast         Ice/Summ       #.......     99%         4    #####..
 Throw Icicle             Conj/Ice       #.......     99%         4    #####..
 Blade Hands              Tmut           #.........   100%        5    ######.
 Irradiate                Conj/Tmut      #.........   100%        5    ######.
 Metabolic Englaciation   Hex/Ice        #.........   100%        5    ######.
 Silence                  Hex/Air        #.........   100%        5    ######.
 Yara's Violent Unravell  Hex/Tmut       #.........   100%        5    ######.
 Bolt of Cold             Conj/Ice       #.........   100%        6    #######
 Deflect Missiles         Chrm/Air       #.........   100%        6    #######
 Freezing Cloud           Conj/Ice/Air   #.........   100%        6    #######
 Hydra Form               Tmut           #.........   100%        6    #######
 Ozocubu's Refrigeration  Ice            #.........   100%        6    #######
 Simulacrum               Ice/Necr       #.........   100%        6    #######
 Statue Form              Tmut/Erth      #........    100%        6    #######
 Dragon Form              Tmut           #.........   100%        7    #######
 Discord                  Hex            #.........   100%        8    #######


Dungeon Overview and Level Annotations

Branches:
Dungeon (15/15)            Temple (1/1) D:5            Lair (6/6) D:8
  Swamp (0/4) Lair:2       Spider (3/4) Lair:4        Slime (0/5) Lair:6
    Orc (2/2) D:11            Elf (0/3) Orc:2        Vaults (0/5) D:13
 Depths (1/5) D:15

Altars:
Ashenzari
Cheibriados
Dithmenos
Elyvilon
Fedhas
Gozag
Hepliaklqana
Kikubaaqudgha
Makhleb
Nemelex Xobeh
Okawaru
Qazlal
Ru
Sif Muna
Trog
Uskayaw
Vehumet
Wu Jian
Xom
Yredelemnul
Zin
The Shining One
Beogh

Shops:
D:4 (   D:5 :   D:12 }   D:14 [   Orc:2 !%:(   Depths:1 ?

Portals:
Hell: Depths:1
Pandemonium: Orc:2
Ziggurat: Depths:1
Trove: D:14 (give +3 storm dragon scales)


Innate Abilities, Weirdness & Mutations

You cannot be hasted, slowed, berserked, paralysed or teleported.
You can dig through walls and to a lower floor.
Your four strong arms can wield two-handed weapons with a shield.
You have a pair of large antennae on your head. (SInv)


Message History

The orb spider weaves a glowing orb of energy.
An orb of destruction comes into view.
Evoke which item? (* to show all) (? for menu, Esc to quit)
Aiming: Throw Flame
Press: ? - help, Shift-Dir - straight line, f/p - orb spider
Aim: an orb spider (moderately wounded, clinging)
The puff of flame hits the orb spider.
The orb spider is heavily wounded.
The orb of destruction hits you!!!
* * * LOW HITPOINT WARNING * * *
The orb spider spins a strand of pure energy.
The orb spider weaves a glowing orb of energy.
An orb of destruction comes into view.
The orb spider spins a strand of pure energy.
The orb spider weaves a glowing orb of energy.
An orb of destruction comes into view.
The orb of destruction hits a rock wall.
There is a stone staircase leading up, spattered with blood here.
The orb of destruction hits you!!!
You die...

.......†..%..^........#
########†.............#
#.††...........#
#..............#
#.#.......°°.s.#
#.........○....#
##...#.........#
#...#...☼.....#
#####.......@.....#
##..##.^#.#..^.....#
#^......(#.#.......#
##..)..###........^#
#.....#......).....#
##...........#......#
#............#.....^#
##.^##...............#
##....................#


You could see an orb spider.

Vanquished Creatures
  Gastronok (D:10)
  Agnes (D:15)
  Roxanne (D:15)
  A frost giant (Depths:1)
  A fire giant (D:15)
  An emperor scorpion (Spider:1)
  A ghost moth (Spider:3)
  The ghost of Aviun the Unseen, an adept SpEn of Kikubaaqudgha (Spider:1)
  9 entropy weavers
  11 very ugly things (Depths:1)
  A vampire knight (Depths:1)
  A stone giant (Depths:1)
  Azrael (D:15)
  A minotaur (Lair:4)
  Snorg (Lair:3)
  The ghost of Monsterracer the Cleaver, a journeyman GrSk of Zin (Lair:4)
  The ghost of vishdafish the Grappler, a journeyman TrSk of Cheibriados (D:11)
  2 ogre magi (Depths:1)
  2 fire dragons
  Josephine (D:10)
  A great orb of eyes (Depths:1)
  2 rakshasas
  3 ghost crabs (Lair:5)
  3 centaur warriors
  6 hydras
  An anaconda (Lair:6)
  2 deep troll earth magi (Depths:1)
  11 two-headed ogres
  A queen ant (Spider:1)
  A tengu warrior (D:15)
  A vampire mage (Depths:1)
  2 deep troll shamans (Depths:1)
  6 orc high priests
  A soul eater (Orc:2)
  A spectral ghost moth (Spider:1)
  5 fire crabs (Lair:5)
  An unseen horror (D:12)
  4 skeletal warriors (D:13)
  A spectral entropy weaver (Spider:1)
  A torturous demonspawn (Orc:2)
  2 infernal demonspawn (Orc:2)
  2 wizards (Depths:1)
  A gelid demonspawn (Orc:2)
  6 deep trolls (Depths:1)
  An unseen horror (shapeshifter) (D:14)
  A swamp dragon (Lair:6)
  6 orc knights
  2 spectral wolf spiders (Spider:1)
  A deep elf mage (D:15)
  A necromancer (Lair:3)
  A wolf spider zombie (D:14)
  2 phantasmal warriors (Depths:1)
  8 orc sorcerers (Orc:2)
  A manticore (Lair:6)
  18 wolf spiders
  8 orb spiders
  4 slime creatures
  11 cyclopes
  An oklob plant (Lair:3)
  19 ugly things
  7 elephants
  2 moths of wrath (Spider:1)
  Joseph (D:8)
  An apocalypse crab (Lair:5)
  A smoke demon (Orc:2)
  A gargoyle (D:15)
  2 torpor snails
  5 black mambas
  2 spiny frogs
  5 komodo dragons
  3 rime drakes
  12 demonic crawlers
  A kobold demonologist (D:15)
  8 yaktaurs
  A spark wasp simulacrum (Spider:1)
  A spectral redback (Spider:1)
  A hellwing (Orc:2)
  A spectral tarantella (Spider:1)
  21 jumping spiders
  11 polar bears
  3 trolls
  7 hippogriffs
  5 hornets
  20 blink frogs
  7 dream sheep (Lair:4)
  3 shadows
  Sigmund (D:6)
  15 tarantellas
  40 redbacks
  5 water elementals
  2 ynoxinuls (Orc:2)
  A spriggan (D:9)
  3 wyverns
  5 wraiths
  29 yaks
  5 basilisks
  A hungry ghost (D:12)
  5 fire elementals (D:15)
  Menkaure (D:6)
  A chaos spawn (Orc:2)
  3 redback simulacra (Spider:1)
  3 vampire mosquitoes (D:12)
  20 soldier ants
  4 acid dragons
  9 wargs
  11 water moccasins
  5 porcupines
  Duvessa (D:5)
  18 hell hounds
  3 swamp drakes (Lair:6)
  3 elephant zombies (Lair:3)
  34 orc warriors
  A jumping spider simulacrum (Spider:1)
  An eye of draining (D:13)
  An eye of draining (shapeshifter) (D:14)
  4 ice beasts
  11 sky beasts
  14 black bears
  A phantom (D:9)
  16 wolves
  5 boggarts
  13 ogres
  6 centaurs
  18 crocodiles
  2 big kobolds
  Blork the orc (D:5)
  20 bullfrogs
  Dowan (D:5)
  8 scorpions
  16 killer bees
  17 wights
  11 electric eels
  4 howler monkeys
  7 crimson imps
  A bullfrog zombie (D:7)
  5 centaur zombies (Ossuary)
  A quasit (D:7)
  A basilisk zombie (Lair:3)
  6 hounds
  4 jellies
  8 centaur skeletons
  A gnoll shaman (D:8)
  29 orc priests
  Crazy Yiuf (D:6)
  22 orc wizards
  3 bullfrog skeletons
  Ijyb (D:4)
  4 iguanas
  25 worker ants
  2 hound zombies
  5 mummies (Ossuary)
  7 gnolls
  A howler monkey skeleton (D:7)
  12 adders
  4 shadow imps
  5 oozes
  2 worms (D:2)
  5 dart slugs
  6 leopard geckos
  112 orcs
  4 bats
  5 giant cockroaches
  4 goblins
  6 hobgoblins
  5 jackals
  4 quokkas
  4 ball pythons
  3 frilled lizards
  5 hobgoblin zombies (Ossuary)
  15 kobolds
  4 rats
  3 fungi
  8 plants
1071 creatures vanquished.

Vanquished Creatures (others)
  A hornet (Spider:3)
  A jumping spider (Spider:2)
  2 orcs (Orc:2)
  5 fungi (Lair:6)
  64 plants
73 creatures vanquished.

Grand Total: 1144 creatures vanquished

Notes
Turn   | Place    | Note
-------+----------+-------------------------------------------
     0 | D:1      | xccam the Formicid Gladiator began the quest for the Orb.
     0 | D:1      | Reached XP level 1. HP: 16/16 MP: 1/1
    63 | D:1      | Reached XP level 2. HP: 19/22 MP: 2/2
   375 | D:1      | Reached XP level 3. HP: 22/27 MP: 3/3
   986 | D:2      | Reached XP level 4. HP: 23/33 MP: 4/4
  1134 | D:2      | Reached skill level 5 in Axes
  1420 | D:3      | Found a blossoming altar of Fedhas.
  1421 | D:3      | Found a glowing silver altar of Zin.
  1475 | D:3      | Reached XP level 5. HP: 38/38 MP: 5/5
  2109 | D:4      | Reached XP level 6. HP: 25/46 MP: 6/6
  2255 | D:4      | Reached skill level 1 in Armour
  2299 | D:4      | Found Vaenejoh's Antique Weapon Emporium.
  2417 | D:4      | Noticed Ijyb
  2424 | D:4      | Killed Ijyb
  2424 | D:4      | Reached skill level 2 in Armour
  2511 | D:4      | Reached XP level 7. HP: 49/52 MP: 7/7
  2642 | D:5      | Entered Level 5 of the Dungeon
  2655 | D:5      | Found Durutet's Book Shoppe.
  2720 | D:5      | Found a staircase to the Ecumenical Temple.
  2729 | Temple   | Entered the Ecumenical Temple
  2888 | D:5      | Noticed Duvessa
  2889 | D:5      | Noticed Dowan
  2895 | D:5      | Killed Duvessa
  2895 | D:5      | Reached skill level 3 in Armour
  2900 | D:5      | Killed Dowan
  3024 | D:5      | Noticed Blork the orc
  3027 | D:5      | Killed Blork the orc
  3027 | D:5      | Reached XP level 8. HP: 61/61 MP: 8/8
  3145 | D:5      | Reached skill level 4 in Armour
  3234 | D:5      | Reached skill level 5 in Fighting
  3857 | D:6      | Noticed Sigmund
  3867 | D:6      | Killed Sigmund
  3925 | D:6      | Reached skill level 5 in Armour
  3946 | D:6      | Found a runed translucent door.
  3947 | D:6      | Noticed Crazy Yiuf
  3958 | D:6      | Killed Crazy Yiuf
  4094 | D:6      | Reached XP level 9. HP: 37/69 MP: 9/9
  4136 | D:6      | Noticed Menkaure
  4148 | D:6      | Killed Menkaure
  4571 | D:6      | Reached skill level 6 in Armour
  4912 | D:7      | Noticed a two-headed ogre
  4923 | D:7      | Killed a two-headed ogre
  4923 | D:7      | Reached skill level 7 in Armour
  4923 | D:7      | Reached XP level 10. HP: 46/80 MP: 10/10
  5054 | D:7      | Found a sand-covered staircase.
  5060 | Ossuary  | Entered an ossuary
  5306 | D:7      | Reached skill level 8 in Armour
  5611 | D:7      | Found a hazy altar of Hepliaklqana.
  5825 | D:8      | Reached skill level 10 in Axes
  6157 | D:8      | Found a staircase to the Lair.
  6177 | D:8      | Noticed a two-headed ogre
  6191 | D:8      | Killed a two-headed ogre
  6191 | D:8      | Reached skill level 9 in Armour
  6410 | D:8      | Noticed Joseph
  6419 | D:8      | Killed Joseph
  6419 | D:8      | Reached XP level 11. HP: 63/90 MP: 11/11
  6604 | D:8      | Found a snail-covered altar of Cheibriados.
  6614 | D:8      | Became a worshipper of Cheibriados the Contemplative
  7001 | D:9      | Identified a scroll of acquirement
  7003 | D:9      | Got a brightly glowing plate armour
  7014 | D:9      | Identified the +1 plate armour "Qoduyrgh" {rF+ Dex+2} (You
                  | acquired it on level 9 of the Dungeon)
  7064 | D:9      | Noticed a two-headed ogre
  7070 | D:9      | Killed a two-headed ogre
  7070 | D:9      | Reached * piety under Cheibriados
  7507 | D:10     | Entered Level 10 of the Dungeon
  7507 | D:10     | Noticed a red ugly thing
  7517 | D:10     | Killed a red ugly thing
  7732 | D:10     | Identified the cursed +2 falchion "Spiderslayer" {slice,
                  | rN++}
  7735 | D:10     | Reached ** piety under Cheibriados
  7839 | D:10     | Noticed Josephine
  7849 | D:10     | Killed Josephine
  8201 | D:10     | Noticed Gastronok
  8212 | D:10     | Killed Gastronok
  8212 | D:10     | Reached XP level 12. HP: 64/97 MP: 12/12
  8568 | D:11     | Noticed a two-headed ogre
  8584 | D:11     | Killed a two-headed ogre
  8584 | D:11     | Reached *** piety under Cheibriados
  8591 | D:11     | Reached skill level 10 in Armour
  8825 | D:11     | Found a staircase to the Orcish Mines.
  9160 | D:11     | Found a runed translucent gate.
  9160 | D:11     | Found a runed translucent gate.
  9160 | D:11     | Found a runed translucent gate.
  9161 | D:11     | Noticed vishdafish's ghost (journeyman TrSk)
  9161 | D:11     | Noticed a ten-headed hydra
  9174 | D:11     | Killed a 13-headed hydra
  9192 | D:11     | Killed vishdafish's ghost
  9207 | D:11     | Got a slimy broad axe
  9208 | D:11     | Identified the +8 broad axe of Purpose {freeze, *Rage rF+
                  | rC+ MR+} (You found it on level 11 of the Dungeon)
  9741 | D:12     | Reached skill level 11 in Armour
  9765 | D:12     | Found Wiomp's Gadget Shop.
  9777 | D:12     | Noticed a two-headed ogre
  9784 | D:12     | Killed a two-headed ogre
  9784 | D:12     | Reached skill level 10 in Fighting
  9894 | D:12     | Reached **** piety under Cheibriados
  9921 | D:12     | Reached skill level 15 in Axes
  9943 | D:12     | Reached XP level 13. HP: 64/104 MP: 13/13
 10230 | D:12     | Reached skill level 12 in Armour
 10762 | D:12     | Noticed a seven-headed hydra
 10773 | D:12     | Killed a 14-headed hydra
 11070 | D:12     | Noticed a centaur warrior
 11082 | D:12     | Killed a centaur warrior
 11095 | D:12     | Noticed a rakshasa
 11102 | D:12     | Killed a rakshasa
 11459 | D:13     | Reached skill level 13 in Armour
 11463 | D:13     | Reached skill level 1 in Invocations
 11463 | D:13     | Noticed a centaur warrior
 11464 | D:13     | Reached ***** piety under Cheibriados
 11471 | D:13     | Noticed a centaur warrior
 11474 | D:13     | Killed a centaur warrior
 11850 | D:13     | Found a gate to the Vaults.
 12673 | Orc:1    | Entered Level 1 of the Orcish Mines
 12988 | Orc:1    | Found a roughly hewn altar of Beogh.
 13120 | Orc:1    | Reached XP level 14. HP: 82/113 MP: 16/16
 13345 | Orc:2    | Entered Level 2 of the Orcish Mines
 13345 | Orc:2    | Found a staircase to the Elven Halls.
 13364 | Orc:2    | Reached ****** piety under Cheibriados
 13871 | Orc:2    | Reached skill level 14 in Armour
 14155 | Orc:2    | Found Atip's Food Boutique.
 14246 | Orc:2    | Found Eguniyf's Distillery.
 14364 | Orc:2    | Reached skill level 5 in Invocations
 14802 | Orc:2    | Bought a potion of heal wounds for 75 gold pieces
 14802 | Orc:2    | Bought a potion of curing for 45 gold pieces
 14802 | Orc:2    | Bought a potion of might for 60 gold pieces
 14802 | Orc:2    | Bought a potion of curing for 45 gold pieces
 15054 | Orc:2    | Found Kerhiefy's Antique Weapon Emporium.
 15054 | Orc:2    | Found a one-way gate leading to the halls of Pandemonium.
 15054 | Orc:2    | Found Hyagh's Book Shoppe.
 15067 | Orc:2    | Reached skill level 15 in Armour
 15223 | Lair:1   | Entered Level 1 of the Lair of Beasts
 15786 | Lair:2   | Found a staircase to the Swamp.
 16080 | Lair:2   | You fall through a shaft for 2 floors!
 16097 | Lair:3   | Reached XP level 15. HP: 122/122 MP: 20/20
 17264 | Lair:3   | Noticed Snorg
 17275 | Lair:3   | Killed Snorg
 17586 | Lair:4   | Found a hole to the Spider Nest.
 18046 | Lair:4   | Noticed Monsterracer's ghost (journeyman GrSk)
 18065 | Lair:4   | Found a runed translucent gate.
 18065 | Lair:4   | Found a runed translucent gate.
 18065 | Lair:4   | Found a runed translucent gate.
 18082 | Lair:4   | Killed Monsterracer's ghost
 18082 | Lair:4   | Reached skill level 16 in Armour
 18306 | Lair:5   | Found a runed translucent door.
 19080 | Lair:5   | Got a brightly glowing lapis lazuli ring
 19085 | Lair:5   | Identified the ring "Era Neskeu" {*Tele Int+3 Dex+3} (You
                  | found it on level 5 of the Lair of Beasts)
 19212 | Lair:5   | Reached XP level 16. HP: 75/131 MP: 22/22
 19704 | Lair:6   | Entered Level 6 of the Lair of Beasts
 20226 | Lair:6   | Got a smoking great sword
 20290 | Lair:6   | Found a staircase to the Slime Pits.
 20542 | Lair:6   | Reached skill level 17 in Armour
 20736 | Lair:6   | Reached skill level 10 in Invocations
 21245 | D:14     | Found a portal to a secret trove of treasure.
 21691 | D:14     | Found Polir's Armour Shop.
 21882 | D:14     | Found a deep blue altar of Sif Muna.
 22223 | D:15     | Entered Level 15 of the Dungeon
 22231 | D:15     | Noticed Azrael
 22240 | D:15     | Killed Azrael
 22251 | D:15     | Noticed Agnes
 22260 | D:15     | Killed Agnes
 22343 | D:15     | Found a staircase to the Depths.
 22343 | D:15     | Noticed a fire giant
 22388 | D:15     | Reached skill level 15 in Fighting
 22406 | D:15     | Killed a fire giant
 22406 | D:15     | Reached skill level 1 in Shields
 22466 | D:15     | Reached XP level 17. HP: 116/142 MP: 25/25
 22487 | D:15     | Found a shadowy altar of Dithmenos.
 22884 | D:15     | Identified Roxanne's Handbook of Moulding
 22884 | D:15     | Noticed Roxanne
 23044 | D:15     | Killed Roxanne
 23289 | Depths:1 | Entered Level 1 of the Depths
 23317 | Depths:1 | Found a gateway to a ziggurat.
 23317 | Depths:1 | Noticed a lich
 23317 | Depths:1 | Noticed an ancient lich
 23326 | Depths:1 | Noticed a Brimstone Fiend
 23331 | Depths:1 | Noticed a Tzitzimitl
 23870 | Depths:1 | Reached skill level 18 in Armour
 23881 | Depths:1 | HP: 2/142 [white very ugly thing (17)]
 23923 | Depths:1 | HP: 7/143 [poisoned by a green very ugly thing]
 23929 | Depths:1 | HP: 6/143 [poisoned by a green very ugly thing]
 23936 | Depths:1 | HP: 6/143 [poisoned by a green very ugly thing]
 23945 | Depths:1 | HP: 7/143 [poisoned by a green very ugly thing]
 24657 | Depths:1 | Found Liocseq's Magic Scroll Emporium.
 24724 | Depths:1 | Bought a scroll of enchant weapon for 165 gold pieces
 24724 | Depths:1 | Bought a scroll of identify for 44 gold pieces
 25009 | Depths:1 | Found a gateway to Hell.
 25036 | Depths:1 | Reached XP level 18. HP: 83/151 MP: 23/27
 25317 | Depths:1 | Noticed a Brimstone Fiend
 25328 | Depths:1 | HP: 4/151 [Brimstone Fiend/damnation[a lich] (26)]
 25994 | Spider:1 | Entered Level 1 of the Spider Nest
 26415 | Spider:1 | Found a runed translucent gate.
 26415 | Spider:1 | Found a runed translucent gate.
 26415 | Spider:1 | Found a runed translucent gate.
 26415 | Spider:1 | Noticed Aviun's ghost (adept SpEn)
 26416 | Spider:1 | Found the +7 Singing Sword {slice, sonic wave}
 26473 | Spider:1 | Killed Aviun's ghost
 27371 | Spider:2 | Reached skill level 19 in Armour
 29420 | Spider:3 | Reached XP level 19. HP: 130/161 MP: 30/30
 29466 | Spider:3 | Blown up by an orb spider

Skill      XL: |  1  2  3  4  5  6  7  8  9 10 11 12 13 14 15 16 17 18 |
---------------+-------------------------------------------------------+-----
Axes           | 4 5 6 7 8 9 10 13 15 16 17 18 | 18.0
Armour         | 2 3 5 7 9 11 13 15 16 17 18 19 | 19.4
Fighting       | 3 4 6 7 9 10 11 12 13 15 16 17 | 17.3
Invocations    | 3 6 8 11 13 14 | 14.8
Shields        | 1 2 |  2.4
Throwing       | |  2.0
Dodging        | |  2.6

Action                   |  1- 3 |  4- 6 |  7- 9 | 10-12 | 13-15 | 16-18 | 19-21 || total
-------------------------+-------+-------+-------+-------+-------+-------+-------++-------
Melee: War axe           |    86 |   137 |   176 |   485 |       |       |       ||   884
       Broad axe         |       |       |       |    53 |   791 |  1110 |    11 ||  1965
Invok: Slouch            |       |       |       |       |     2 |     2 |       ||     4
       Bend Time         |       |       |       |       |       |     4 |       ||     4
 Abil: Dig               |     1 |       |     1 |     1 |     7 |     2 |       ||    12
Evoke: Wand              |       |     2 |    21 |    13 |    11 |     7 |     4 ||    58
  Use: Potion            |       |     4 |     6 |     3 |     6 |     4 |       ||    23
       Scroll            |       |       |     4 |    15 |    13 |     4 |       ||    36
 Stab: Paralysed         |       |       |     3 |     4 |       |       |       ||     7
       Distracted        |       |       |       |     2 |     1 |       |       ||     3
  Eat: Chunk             |       |     6 |     7 |    11 |    13 |     5 |       ||    42
       Ration            |       |       |       |     1 |     1 |     4 |       ||     6
Armor: Leather armour    |     9 |       |       |       |       |       |       ||     9
       Ring mail         |    14 |     7 |       |       |       |       |       ||    21
       Plate armour      |       |    90 |   124 |   368 |   555 |   609 |     2 ||  1748
       Skin              |       |     9 |     5 |       |       |       |       ||    14
Dodge: Dodged            |    58 |    55 |    93 |   271 |   420 |   532 |     3 ||  1432
       Deflected         |       |       |       |       |       |    13 |       ||    13
Block: Buckler           |       |       |       |       |       |   343 |     2 ||   345
       Reflection        |       |       |       |       |       |     5 |       ||     5
